 Dungeon Crawl Stone Soup version 0.30-a0-949-g53dc5368d7 (webtiles) character file.

Game seed: 10366778369824488030

668 Dittersdorf the Shield-Bearer (level 7, -4/44 HPs)
             Began as a Gargoyle Fighter on Mar 27, 2023.
             Slain by a gnoll
             ... wielding a +0 spear
              (8 damage)
             ... on level 4 of the Dungeon.
             The game lasted 00:04:36 (3961 turns).

Dittersdorf the Shield-Bearer (Gargoyle Fighter)    Turns: 3961, Time: 00:04:37

Health: -4/44      AC: 13    Str: 22    XL:     7   Next: 58%
Magic:  7/7        EV:  9    Int:  8    God:
Gold:   225        SH:  5    Dex:  9    Spells: 6/6 levels left

rFire   . . .      SeeInvis .    a - +0 flail
rCold   . . .      Faith    .    c - +0 buckler
rNeg    + . .      Spirit   .    b - +0 scale mail
rPois   ∞          Reflect  .    (no helmet)
rElec   +          Rampage  .    n - +0 cloak
rCorr   .                        (no gloves)
Will    .....                    (no boots) Stlth
                                 (no amulet)
HPRegen 0.27/turn                (no ring)
MPRegen 0.10/turn                (no ring)

@: no status effects
A: sickness immunity, AC +4, negative energy resistance 1, electricity
resistance, torment resistance 1, petrification resistance
a: no special abilities


You were on level 4 of the Dungeon.
You visited 1 branch of the dungeon, and saw 5 of its levels.
You also visited: Sewer.

You collected 225 gold pieces.

Inventory:

Hand Weapons
 a - a +0 flail (weapon)
Missiles
 h - 2 poisoned darts (quivered)
Armour
 b - a +0 scale mail (worn)
 c - a +0 buckler (worn)
 n - a +0 cloak (worn)
Wands
 r - a wand of iceblast (5)
Scrolls
 f - a scroll of vulnerability {unknown}
 j - 2 scrolls of teleportation {unknown}
 k - a scroll of fog {unknown}
 l - 3 scrolls of poison {unknown}
 o - 3 scrolls of fear
 q - 2 scrolls of identify
Potions
 d - a potion of might
 e - 3 potions of curing
 g - a potion of mutation {unknown}
 i - a potion of haste
 m - a potion of cancellation {unknown}
 p - 2 potions of lignification {unknown}
 s - a potion of magic {unknown}
 t - a potion of degeneration {unknown}


   Skills:
 + Level 5.4 Fighting
 + Level 4.4 Maces & Flails
 + Level 5.4 Armour
 + Level 5.5 Shields


You had 6 spell levels left.
You didn't know any spells.
Your spell library contained the following spells:

 Spells                   Type           Power      Damage    Failure   Level
 Dazzling Flash           Conj/Hex       0%         N/A       99%         3
 Ignite Poison            Fire/Tmut/Pois 0%         N/A       99%         3
 Ozocubu's Armour         Ice            0%         N/A       99%         3
 Dispel Undead            Necr           0%         3d6       100%        4
 Sticky Flame             Conj/Fire      0%         2d3       100%        4
 Agony                    Necr           0%         N/A       100%        5
 Metabolic Englaciation   Hex/Ice        0%         N/A       100%        5
 Silence                  Hex/Air        0%         N/A       100%        5
 Death Channel            Necr           0%         N/A       100%        6
 Simulacrum               Ice/Necr       0%         N/A       100%        6
 Ignition                 Fire           0%         3d3       100%        8
 Cigotuvi's Dreadful Rot  Necr/Pois/Air  Unusable   N/A       N/A         2

Dungeon Overview and Level Annotations

Branches:
Dungeon (5/15)              Sewer (visited)
 Temple: D:4-7

Altars:
Nemelex Xobeh
Wu Jian

Shops:
D:4 :


Innate Abilities, Weirdness & Mutations

You are immune to sickness and miasma.
Your stone body is resilient. (AC +4)
You are immune to poison.
You resist negative energy. (rN+)
You are resistant to electric shocks. (rElec)
You are resistant to unholy torment.
You are immune to petrification.


Message History

The ogre is severely wounded.
The gnoll hits you from afar with a +0 spear.
The ogre hits you with a +0 giant club!
* * * LOW HITPOINT WARNING * * *
You are too injured to fight recklessly!
You are too injured to fight recklessly!
You are too injured to fight recklessly!
You are too injured to fight recklessly!
You are too injured to fight recklessly!
You are too injured to fight recklessly!
You are too injured to fight recklessly!
You are too injured to fight recklessly!
You are too injured to fight recklessly!
You are too injured to fight recklessly!
You are too injured to fight recklessly!
You are too injured to fight recklessly!
You are too injured to fight recklessly!
You are too injured to fight recklessly!
You are too injured to fight recklessly!
You are too injured to fight recklessly!
You are too injured to fight recklessly!
You hit the ogre.
The ogre is almost dead.
The gnoll hits you but does no damage. You block the ogre's attack.
You hit the ogre.
You kill the ogre!
The gnoll hits you from afar with a +0 spear.
* * * LOW HITPOINT WARNING * * *
A gnoll comes into view. It is wielding a +0 whip.
The gnoll shouts!
The gnoll hits you with a +0 spear.
* * * LOW HITPOINT WARNING * * *
You hit the gnoll.
The gnoll is moderately wounded.
The gnoll hits you but does no damage.
A gnoll comes into view. It is wielding a +0 whip.
The gnoll shouts!
The gnoll throws a throwing net.
You block the throwing net. The gnoll hits you with a +0 spear!
You die...

###.......#.#.#.........
#.......#.#.#.########
#.......#.#.#...#
#.......#.#.#####
#.......#.#.#
##......#.#..
#.####.#+##### #.
#.g.)...... #
#..@...#### #......#
#......# #..g...#
#........ ..#.######
####.g +# ### ∩##


You could see 3 gnolls.

Vanquished Creatures
  Pargi (Sewer)
  An ogre (D:4)
  A phantom (D:4)
  A bullfrog (D:4)
  A scorpion (D:3)
  2 hounds
  A sleepcap (D:4)
  8 gnolls (D:3)
  4 adders
  A shadow imp (D:5)
  5 worms
  3 dart slugs
  2 orcs (D:3)
  9 ball pythons
  6 endoplasms
  5 giant cockroaches
  8 goblins
  5 hobgoblins
  4 jackals
  12 kobolds
  2 quokkas
  3 bats (D:1)
  5 frilled lizards
  7 rats
97 creatures vanquished.

Notes
Turn   | Place    | Note
-------+----------+-------------------------------------------
     0 | D:1      | Dittersdorf the Gargoyle Fighter began the quest for the
                  | Orb.
     0 | D:1      | Reached XP level 1. HP: 14/14 MP: 1/1
   315 | D:1      | Reached XP level 2. HP: 19/19 MP: 2/2
   637 | D:1      | Reached XP level 3. HP: 23/23 MP: 3/3
  1118 | D:2      | Reached XP level 4. HP: 28/29 MP: 4/4
  1912 | D:3      | Found a glowing drain.
  1976 | Sewer    | Entered a sewer
  2035 | Sewer    | Noticed Pargi
  2053 | Sewer    | Killed Pargi
  2054 | Sewer    | Reached XP level 5. HP: 10/33 MP: 5/5
  2300 | D:3      | Reached XP level 6. HP: 24/39 MP: 6/6
  2862 | D:3      | Found a sparkling altar of Nemelex Xobeh.
  3097 | D:3      | Found an ornate altar of the Wu Jian Council.
  3363 | D:4      | Reached skill level 5 in Shields
  3379 | D:4      | Found Ibun's Book Shoppe.
  3399 | D:4      | Reached skill level 5 in Fighting
  3399 | D:4      | Reached skill level 5 in Armour
  3399 | D:4      | Reached XP level 7. HP: 39/44 MP: 7/7
  3805 | D:4      | You fall into a shaft and drop 1 floor!
  3805 | D:5      | Entered Level 5 of the Dungeon
  3961 | D:4      | Slain by a gnoll

Illustrated notes

Levels and vault maps discovered:
D:1:      ncdulo_lavacross, layout_loops_corners, serial_glass, glass_columns_c,
          glass_columns_c, glass_columns_a, glass_columns_a, glass_columns_a,
          glass_columns_b
D:2:      layout_basic, grunt_ministairs_9, amcnicky_mini_corridor_feature
D:3:      layout_basic, nzn_wu_jian_council_hall, nemelex_dance_club_becter,
          cheibrodos_sewer_entry_drain
D:4:      layout_basic, serial_shops, nicolae_shop_window_shopping,
          minivault_14, minmay_surrounded
D:5:      layout_basic, nicolae_ru_the_path_less_chosen

Skill      XL: |  1  2  3  4  5  6 |
---------------+-------------------+-----
Shields        | 4 5 |  5.5
Armour         | 4 5 |  5.4
Fighting       | 4 5 |  5.4
Maces & Flails | 3 4 |  4.4

Action                     |  1- 3 |  4- 6 |  7- 9 || total
---------------------------+-------+-------+-------++-------
  Melee: Flail             |   120 |   182 |    57 ||   359
  Throw: Dart              |       |     3 |       ||     3
    Use: Scroll            |       |     6 |       ||     6
 Armour: Scale mail        |    69 |   103 |    33 ||   205
  Dodge: Dodged            |    62 |    73 |    23 ||   158
  Block: Buckler           |    28 |    46 |    11 ||    85

Table legend: (Time is in decaauts)
 A = Elapsed time spent in this place.
 B = Non-inter-level travel time spent in this place.
 C = Inter-level travel time spent in this place.
 D = Time resting spent in this place.
 E = Time spent auto-exploring this place.
 F = Levels seen in this place.
 G = Mean time per level.
                   A        B        C        D        E       F      G
               +--------+--------+--------+--------+--------+-----+--------+
         Total |   4074 |   3959 |    115 |    305 |   2766 |   6 |  679.0 |
       Dungeon |   3825 |   3710 |    115 |    216 |   2689 |   5 |  765.0 |
         Sewer |    249 |    249 |      0 |     89 |     77 |   1 |  249.0 |
               +--------+--------+--------+--------+--------+-----+--------+

Top non-repeatable levels by time:
     D:3: 1088 daAuts
     D:2: 1026 daAuts
     D:1: 918 daAuts
     D:4: 721 daAuts
   Sewer: 249 daAuts
     D:5: 70 daAuts
